 Dungeon Sprint DCSS version 0.24.1-14-gf8d2b509d9 (webtiles) character file.

Game seed: 3613513771494496137, levelgen mode: deterministic

126 Baz the Basher (level 8, -11/132 HPs)
             Began as a Troll Berserker on Oct 5, 2020.
             Was an Elder of Trog.
             Mangled by a two-headed ogre
             ... wielding a cursed -2 giant spiked club
              (17 damage)
             ... in the Dungeon (Sprint VI: "Thunderdome").
             The game lasted 00:04:38 (465 turns).

Baz the Basher (Troll Berserker)                     Turns: 465, Time: 00:04:39

Health: -11/132    AC:  6    Str: 31    XL:     8   Next: 59%
Magic:  7/7        EV: 13    Int:  3    God:    Trog [****..]
Gold:   232        SH:  0    Dex: 11    Spells: 7/7 levels left

rFire    . . .     SeeInvis .   a - +0 mace
rCold    . . .     Gourm    +   (no shield)
rNeg     . . .     Faith    .   b - +0 animal skin
rPois    .         Spirit   .   (helmet restricted)
rElec    .         Reflect  .   (no cloak)
rCorr    .         Harm     .   (gloves unavailable)
MR       .....     NoTele   +   (boots unavailable)
Stlth    ..........             (no amulet)
HPRegen  0.72/turn              (no ring)
MPRegen  0.10/turn              (no ring)

@: berserking (expiring), very quick
A: large, unfitting armour, claws 3, fast metabolism 3, gourmand, regeneration
1, shaggy fur 1, tough skin 3
a: Berserk, Trog's Hand, Brothers in Arms, Renounce Religion


You were in the Dungeon.
You worshipped Trog.
Trog was greatly pleased with you.
You were very full.

You visited 1 branch You collected 400 gold pieces.
You spent 168 gold pieces at shops.

Inventory:

Hand Weapons
 a - a +0 mace (weapon)
 e - a +0 giant club
Armour
 b - a +0 animal skin (worn)
Wands
 j - a wand of acid (5)
 k - a wand of iceblast (5)
Scrolls
 i - 4 scrolls of blinking
 l - 3 scrolls of fog
Potions
 d - a potion of curing
 f - 4 potions of haste
 g - 2 potions of magic
 h - a potion of berserk rage
 m - a potion of resistance
 n - 6 potions of might
Comestibles
 c - 2 rations
 o - 4 chunks of flesh


   Skills:
 + Level 7.7 Fighting
 * Level 11.4 Maces & Flails
 + Level 7.2 Armour
 + Level 7.7 Dodging


You had 7 spell levels left.
You didn't know any spells.
Your spell library was empty.

Dungeon Overview and Level Annotations

Branches:
Dungeon (1/1)

Altars:
Cheibriados
Dithmenos
Fedhas
Gozag
Kikubaaqudgha
Makhleb
Okawaru
Qazlal
Ru
Sif Muna
Trog
Uskayaw
Vehumet
Wu Jian
Xom
Yredelemnul
Zin
The Shining One
Beogh
Jiyva
Lugonu

Shops:
D *[%??*?*:[((!!!!


Innate Abilities, Weirdness & Mutations

You are too large for most types of armour.
You have claws for hands.
Your metabolism is lightning-fast.
You like to eat raw meat.
Your natural rate of healing is unusually fast.
You are covered in fur. (AC +1)
You have extremely tough skin. (AC +3)


Message History

The two-headed ogre is moderately wounded.
The two-headed ogre hits you with a cursed -2 giant spiked club.
The two-headed ogre hits you with a cursed -3 giant club!!
* * * LOW HITPOINT WARNING * * *
You hit the two-headed ogre.
The two-headed ogre is heavily wounded.
You sock the two-headed ogre!
The two-headed ogre is severely wounded.
The two-headed ogre misses you.
The two-headed ogre hits you with a cursed -3 giant club!
* * * LOW HITPOINT WARNING * * *
You sock the two-headed ogre!
The two-headed ogre is severely wounded.
Unknown command.
You hit the two-headed ogre.
The two-headed ogre is almost dead.
You barely miss the two-headed ogre.
The two-headed ogre is almost dead.
The two-headed ogre hits you with a cursed -2 giant spiked club!
You die...

###.........### #⌠......)...)⌠#
######.8....)....8÷######
##∩___....).###..)..._._∩##
###∩........8.# #.8........∩###
#.............###.............##
⌠..........###..†###..........⌠#
⌠..........# #.<.# #..........⌠#
⌠..........###..@###..........⌠#
#............÷###O............##
###∩........8.# #O8........∩###
##∩___......###........_∩##
######.8.........8.######
#⌠...........⌠# ###.........###
#_......._# #_......._#


You could see a two-headed ogre and an ogre.

Vanquished Creatures
  An ogre mage (D)
  A dream sheep (D)
  A yak (D)
  2 ogres (D)
  A necrophage (D)
  An orc priest (D)
  A hell rat (D)
  An adder (D)
  4 orcs (D)
  A goblin (D)
  A hobgoblin (D)
15 creatures vanquished.

Vanquished Creatures (collateral kills)
  A basilisk (D)
  A porcupine (D)
  A crocodile (D)
3 creatures vanquished.

Grand Total: 18 creatures vanquished

Notes
Turn   | Place    | Note
-------+----------+-------------------------------------------
     0 | D        | Baz the Troll Berserker began the quest for the Orb.
     0 | D        | Reached XP level 1. HP: 22/22 MP: 0/0
     1 | D        | Found a shimmering blue altar of Sif Muna.
     1 | D        | Found an opulent altar of Gozag.
     2 | D        | Found an iron altar of Okawaru.
     2 | D        | Found a bloodstained altar of Trog.
     3 | D        | Found a shimmering altar of Xom.
     3 | D        | Found a sacrificial altar of Ru.
     4 | D        | Found Menkew's Delicious Food.
     4 | D        | Found an ornate altar of the Wu Jian Council.
     4 | D        | Found a corrupted altar of Lugonu.
     4 | D        | Found Wodops Moco's Identification Station.
     5 | D        | Found Duruwof's Jewellery.
     5 | D        | Found Pueg's Advanced Armour.
     5 | D        | Round 1.
     7 | D        | Found a blossoming altar of Fedhas.
    10 | D        | Found a burning altar of Makhleb.
    12 | D        | Found a shadowy altar of Dithmenos.
    13 | D        | Found Xomiurobo's Premium Goods.
    14 | D        | Found an ancient bone altar of Kikubaaqudgha.
    14 | D        | Found a radiant altar of Vehumet.
    14 | D        | Found a basalt altar of Yredelemnul.
    14 | D        | Found Ovoydgh's Weapon Rack.
    14 | D        | Found Bismosk's Miscellaneous Merchandise.
    14 | D        | Found Oxzasu's Basic Armour.
    20 | D        | Found a hide-covered altar of Uskayaw.
    21 | D        | Found Peuthroso's Do-It-Yourself Clinic.
    22 | D        | Found Karob's Bottled Wisdom.
    22 | D        | Found Burr's Distillery.
    22 | D        | Found a viscous altar of Jiyva.
    22 | D        | Found a roughly hewn altar of Beogh.
    22 | D        | Found Oryurgh's Distillery.
    26 | D        | Found a glowing golden altar of the Shining One.
    27 | D        | Found a stormy altar of Qazlal.
    28 | D        | Found a snail-covered altar of Cheibriados.
    32 | D        | Reached skill level 3 in Maces & Flails
    33 | D        | Found Wiuxzol's Staff Store.
    34 | D        | Found a glowing silver altar of Zin.
    34 | D        | Found Vatrotte's Magic Scroll Shop.
    34 | D        | Found Ijapuguth's Must-Have Magic.
    34 | D        | Found Belapso's Magic Scroll Shop.
   109 | D        | Reached ** piety under Trog
   130 | D        | Bought 6 potions of might for 168 gold pieces
   137 | D        | Noticed a necrophage
   140 | D        | Reached skill level 1 in Armour
   140 | D        | Reached XP level 2. HP: 27/31 MP: 1/1
   155 | D        | Killed a necrophage
   155 | D        | Arena points: 12 (+12) [x2]
   155 | D        | Reached skill level 5 in Maces & Flails
   155 | D        | Reached XP level 3. HP: 29/38 MP: 2/2
   155 | D        | Reached XP level 4. HP: 36/47 MP: 3/3
   191 | D        | Round 2.
   228 | D        | Reached skill level 6 in Maces & Flails
   230 | D        | Reached *** piety under Trog
   248 | D        | Noticed Blork the orc
   252 | D        | Arena points: 42 (+30) [x3]
   264 | D        | Round 3.
   272 | D        | Noticed a dream sheep
   281 | D        | Killed a dream sheep
   281 | D        | Reached skill level 5 in Fighting
   281 | D        | Reached skill level 8 in Maces & Flails
   281 | D        | Reached skill level 5 in Dodging
   281 | D        | Reached XP level 5. HP: 29/56 MP: 4/4
   281 | D        | Reached XP level 6. HP: 34/65 MP: 5/5
   287 | D        | Noticed a yak
   306 | D        | Killed a yak
   306 | D        | Reached skill level 5 in Armour
   316 | D        | Reached **** piety under Trog
   316 | D        | Reached skill level 9 in Maces & Flails
   325 | D        | Noticed a basilisk
   352 | D        | Noticed a porcupine
   359 | D        | Killed a porcupine
   359 | D        | Reached XP level 7. HP: 39/75 MP: 6/6
   367 | D        | Killed a basilisk
   370 | D        | Arena points: 126 (+84) [x4]
   389 | D        | Round 4.
   413 | D        | Reached skill level 10 in Maces & Flails
   427 | D        | Noticed an ogre mage
   449 | D        | Killed an ogre mage
   449 | D        | Reached skill level 11 in Maces & Flails
   449 | D        | Reached XP level 8. HP: 35/88 MP: 7/7
   453 | D        | Noticed a two-headed ogre
   462 | D        | HP: 5/132 [two-headed ogre/cursed -2 giant spiked club
                  | (16)]
   465 | D        | Mangled by a two-headed ogre

Levels and vault maps discovered:
D:        arena_sprint

Skill      XL: |  1  2  3  4  5  6  7 |
---------------+----------------------+-----
Maces & Flails | 3 5 8 9 11 | 11.4
Fighting       | 3 4 5 6 7 |  7.7
Armour         | 1 3 4 5 7 |  7.2
Dodging        | 3 4 5 6 7 |  7.7

Action                   |  1- 3 |  4- 6 |  7- 9 || total
-------------------------+-------+-------+-------++-------
Melee: Mace              |    25 |    63 |    37 ||   125
Invok: Trog's Hand       |       |     2 |     2 ||     4
       Berserk           |       |     2 |     2 ||     4
       Brothers in Arms  |       |     1 |       ||     1
  Use: Potion            |       |     3 |     1 ||     4
  Eat: Chunk             |       |     7 |     7 ||    14
Armor: Animal skin       |     9 |    20 |     2 ||    31
Dodge: Dodged            |    10 |    37 |    12 ||    59
